 Dungeon Crawl Stone Soup version 0.31-a0-355-g57cb03d3e8 (webtiles) character file.

Game seed: 15811168742800867296

771 tsouns the Gusty (level 7, -9/36 HPs)
             Began as a Tengu Air Elementalist on July 24, 2023.
             Was an Initiate of Gozag.
             Mangled by a troll (12 damage)
             ... on level 6 of the Dungeon.
             The game lasted 00:09:59 (5181 turns).

tsouns the Gusty (Tengu Air Elementalist)           Turns: 5181, Time: 00:10:00

Health: -9/36      AC:  4    Str:  9    XL:     7   Next: 83%
Magic:  1/14       EV: 14    Int: 17    God:    Gozag
Gold:   345        SH:  0    Dex: 14    Spells: 5/15 levels left

rFire   . . .        t - +3 morningstar (elec)
rCold   . . .        (no shield)
rNeg    . . .        c - +0 toga "Victory" {*Victory Clar}
rPois   .            A - +2 hat
rElec   .            (no cloak)
rCorr   .            (no gloves)
SInv    .            (boots unavailable)
Will    .....        (no amulet)
Stlth   ++           (no ring)
HPRegen 0.26/turn    (no ring)
MPRegen 0.14/turn

%: clarity
@: flying quickly and evasively, quick
A: beak, talons 3, nimble flight
a: Renounce Religion, Potion Petition, Call Merchant, Bribe Branch


You were on level 6 of the Dungeon.
You worshipped Gozag.
Gozag was aware of your devotion.
You visited 1 branch of the dungeon, and saw 6 of its levels.

You collected 405 gold pieces.
You paid 60 gold pieces to Gozag.

Inventory:

Hand Weapons
 d - a +0 dagger
 r - a +0 trident
 t - a +3 morningstar of electrocution (weapon)
Missiles
 l - a throwing net
Armour
 a - a +2 robe
 c - the +0 toga "Victory" (worn) {*Victory Clar}
   (You found it on level 6 of the Dungeon)

   *Victory:  When the wearer kills a threatening monster, it has a chance to
   gain +1 AC, +1 Slay, and +1 Int, capping at +7.
   When the wearer uses a scroll or a potion with a hostile monster in sight,
   its bonuses reset to +0.
   Unequipping it also resets its bonuses to +0.
   Clar:      It protects you from confusion, rage, mesmerisation and fear.
 A - a +2 hat (worn)
Jewellery
 m - an amulet of regeneration
 p - a +6 ring of strength
 s - a ring of magical power
Wands
 q - a wand of quicksilver (8)
 w - a wand of mindburst (9)
Scrolls
 f - a scroll of blinking
 j - 2 scrolls of teleportation
 n - a scroll of brand weapon
 u - a scroll of revelation
Potions
 b - a potion of magic
 e - 2 potions of cancellation
 g - a potion of invisibility
 h - a potion of resistance
 i - 3 potions of mutation
 k - 2 potions of heal wounds
 o - a potion of berserk rage {unknown}
 v - a potion of haste
 x - a potion of attraction


   Skills:
 + Level 3.2 Maces & Flails
 - Level 2.1 Dodging
 - Level 2.0 Stealth
 + Level 4.5 Spellcasting
 + Level 5.9 Conjurations
 + Level 7.1 Air Magic


You had 5 spell levels left.
You knew the following spells:

 Your Spells              Type           Power      Damage    Failure   Level
a - Shock                 Conj/Air       100%       1d9       1%          1
b - Static Discharge      Conj/Air       52%        2-5/arc   1%          2
c - Swiftness             Air            28%        N/A       2%          3
d - Airstrike             Air            14%        2d(2-18)  8%          4

Your spell library contained the following spells:

 Spells                   Type           Power      Damage    Failure   Level
 Stone Arrow              Conj/Erth      26%        3d8       13%         3
 Sandblast                Erth           6%         2d5       16%         1
 Passwall                 Tmut/Erth      2%         N/A       22%         2
 Sublimation of Blood     Necr           3%         N/A       22%         2
 Wereblood                Tmut           3%         N/A       22%         2
 Summon Hydra             Summ           1%         N/A       100%        7


Dungeon Overview and Level Annotations

Branches:
Dungeon (6/15)
 Temple: D:4-7

Altars:
Cheibriados
Gozag
Kikubaaqudgha
Qazlal
Trog
Wu Jian
Yredelemnul
Zin

Annotations:
D:5 2 transporters, Menkaure


Innate Abilities, Weirdness & Mutations

You have a beak for a mouth.
You have claws for feet.
Your magical nature lets you fly swiftly and evasively.


Message History

Press: ? - help, Shift-Dir - straight line, f/p - troll
Aim: a troll (moderately wounded, 74% to hit)
The zap misses the troll.
Casting: Shock (safe; 1% risk of failure)
Confirm with . or Enter, or press ? or * to list all spells.
Aiming: Shock (safe; 1% risk of failure)
Press: ? - help, Shift-Dir - straight line, f/p - troll
Aim: a troll (lightly wounded, 74% to hit)
The zap misses the troll.
The troll barely misses you. The troll claws you! The troll claws you.
Unknown command.
Casting: Shock (safe; 1% risk of failure)
Confirm with . or Enter, or press ? or * to list all spells.
Aiming: Shock (safe; 1% risk of failure)
Press: ? - help, Shift-Dir - straight line, p - troll The zap hits the troll.
The troll is moderately wounded.
The zap hits the troll.
The troll is moderately wounded.
The troll barely misses you. x2; The troll claws you but does no damage.
Casting: Shock (safe; 1% risk of failure)
Confirm with . or Enter, or press ? or * to list all spells.
Aiming: Shock (safe; 1% risk of failure)
Press: ? - help, Shift-Dir - straight line The zap misses the troll. x2; The troll barely misses you.
The troll claws you! The troll misses you.
Unknown command.
Casting: Shock (safe; 1% risk of failure)
Confirm with . or Enter, or press ? or * to list all spells.
Aiming: Shock (safe; 1% risk of failure)
Press: ? - help, Shift-Dir - straight line The zap hits the troll!
The troll is heavily wounded.
The zap hits the troll.
The troll is heavily wounded.
The troll bites you!
* * * LOW HITPOINT WARNING * * *
The troll misses you. The troll claws you!
You die...
Your body crumbles into a pile of gold.

..... # ..... +. +# #...#
... ..###...# +?...
#......# #...8. #......#
###.....###......# $ ...
#..T.# #).# ....
#.##@####).###..
....###(.....))........
..........................
..........................
.........................
####...#############..#
.####...##...##...###..####
........#.................#
........#.................#


You could see a troll.

Vanquished Creatures
  A water moccasin (D:5)
  An ogre (D:5)
  A centaur (D:3)
  A scorpion (D:5)
  2 orc priests
  2 hounds
  A jelly (D:4)
  2 iguanas
  2 orc wizards
  4 gnolls (D:3)
  2 adders (D:5)
  2 shadow imps
  An ufetubus (D:5)
  5 worms
  4 dart slugs
  19 orcs
  2 endoplasms
  3 giant cockroaches
  3 goblins
  6 hobgoblins
  3 jackals (D:1)
  2 quokkas (D:1)
  10 ball pythons
  4 bats
  2 frilled lizards
  8 kobolds
  5 rats
98 creatures vanquished.

Notes
Turn   | Place    | Note
-------+----------+-------------------------------------------
     0 | D:1      | tsouns the Tengu Air Elementalist began the quest for the
                  | Orb.
     0 | D:1      | Reached XP level 1. HP: 10/10 MP: 4/4
   176 | D:1      | Reached XP level 2. HP: 15/15 MP: 1/6
   562 | D:1      | Reached XP level 3. HP: 16/19 MP: 0/7
  1280 | D:2      | Found a faded altar of an unknown god.
  1424 | D:2      | Learned a level 2 spell: Static Discharge
  1428 | D:2      | Learned a level 3 spell: Swiftness
  1792 | D:3      | Reached XP level 4. HP: 24/24 MP: 1/9
  1793 | D:3      | Reached skill level 5 in Air Magic
  2362 | D:3      | Noticed a centaur
  2482 | D:3      | Killed a centaur
  2483 | D:3      | Gained mutation: Your magical nature lets you fly swiftly
                  | and evasively. [Tengu growth]
  2483 | D:3      | Reached XP level 5. HP: 14/28 MP: 5/11
  2798 | D:4      | Reached XP level 6. HP: 27/32 MP: 1/12
  2907 | D:4      | Reached skill level 1 in Maces & Flails
  3020 | D:4      | Reached skill level 6 in Air Magic
  3126 | D:4      | Learned a level 4 spell: Airstrike
  3501 | D:4      | Found an opulent altar of Gozag.
  3507 | D:4      | Became a worshipper of Gozag Ym Sagoz the Greedy
  3712 | D:4      | Found a glowing silver altar of Zin.
  3833 | D:4      | Found an ornate altar of the Wu Jian Council.
  3895 | D:5      | Entered Level 5 of the Dungeon
  4023 | D:5      | Found a stormy altar of Qazlal.
  4154 | D:5      | Reached skill level 5 in Conjurations
  4154 | D:5      | Reached XP level 7. HP: 36/36 MP: 9/14
  4214 | D:5      | Found a transporter.
  4218 | D:5      | Noticed a wraith
  4219 | D:5      | Found a transporter.
  4234 | D:5      | Noticed a wraith
  4236 | D:5      | Found a basalt altar of Yredelemnul.
  4239 | D:5      | Noticed Menkaure
  4664 | D:5      | Found an ancient bone altar of Kikubaaqudgha.
  4693 | D:5      | Reached skill level 7 in Air Magic
  4947 | D:5      | Found a snail-covered altar of Cheibriados.
  4973 | D:5      | Found a bloodstained altar of Trog.
  5089 | D:6      | Found the +0 toga "Victory" {*Victory Clar}
  5173 | D:6      | Noticed a troll
  5181 | D:6      | Mangled by a troll

Illustrated notes

Levels and vault maps discovered:
D:1:      dpeg_arrival_short_road, layout_rooms, minmay_box_of_dots
D:2:      layout_rooms, ebering_ecumenical_altar_box
D:3:      layout_basic
D:4:      layout_gridville, pdpol_temple_overflow_zin_treasury_gozag_greed,
          nicolae_wu_jian_glorious_leap, minmay_misc_feat_doors
D:5:      layout_gridville, nicolae_qazlal_general_emergency,
          gammafunk_temple_of_torment, mainiacjoe_overflow_two_lobes
D:6:      layout_gridville, worldfamousw_hep_ancestral_shrine, temple_doors_e,
          enter_ossuary_4, hellmonk_guarded_unrand_lears

Skill      XL: |  1  2  3  4  5  6  7 |
---------------+----------------------+-----
Conjurations   | 2 3 4 5 |  5.9
Air Magic      | 5 6 7 |  7.1
Spellcasting   | 3 4 |  4.5
Maces & Flails | 2 3 |  3.2
Dodging        | |  2.1
Stealth        | |  2.0

Action                     |  1- 3 |  4- 6 |  7- 9 || total
---------------------------+-------+-------+-------++-------
  Melee: Dagger            |    16 |       |       ||    16
         Kick              |     6 |       |       ||     6
         Peck              |     5 |     2 |       ||     7
         Morningstar       |       |     5 |       ||     5
   Cast: Shock             |    88 |   103 |    63 ||   254
         Airstrike         |       |       |     1 ||     1
  Evoke: Wand              |       |     1 |       ||     1
    Use: Scroll            |       |    12 |     9 ||    21
 Armour: Robe              |     4 |     7 |     4 ||    15
  Dodge: Dodged            |    13 |    26 |    27 ||    66

Table legend: (Time is in decaauts)
 A = Elapsed time spent in this place.
 B = Non-inter-level travel time spent in this place.
 C = Inter-level travel time spent in this place.
 D = Time resting spent in this place.
 E = Time spent auto-exploring this place.
 F = Levels seen in this place.
 G = Mean time per level.
                   A        B        C        D        E       F      G
               +--------+--------+--------+--------+--------+-----+--------+
         Total |   5020 |   4921 |     99 |      0 |   4178 |   6 |  836.7 |
       Dungeon |   5020 |   4921 |     99 |      0 |   4178 |   6 |  836.7 |
               +--------+--------+--------+--------+--------+-----+--------+

Top non-repeatable levels by time:
     D:4: 1153 daAuts
     D:5: 1049 daAuts
     D:1: 1015 daAuts
     D:3: 953 daAuts
     D:2: 735 daAuts
     D:6: 112 daAuts
